 Dungeon Crawl Stone Soup version 0.30-a0-630-g881e3bac89 (webtiles) character file.

Game seed: 3291283936628425627

61 Dartaoz the Slasher (level 3, -1/29 HPs)
             Began as a Demonspawn Fighter on Jan 13, 2023.
             Killed by nerve-wracking pain
             ... invoked by Grinder
              (11 damage)
             ... on level 3 of the Dungeon.
             The game lasted 00:03:22 (1470 turns).

Dartaoz the Slasher (Demonspawn Fighter)            Turns: 1470, Time: 00:03:23

Health: -1/29      AC: 13    Str: 16    XL:     3   Next: 83%
Magic:  0/3        EV:  4    Int:  9    God:
Gold:   85         SH:  4    Dex: 14    Spells: 2/2 levels left

rFire   . . .      SeeInvis .    a - +0 long sword
rCold   . . .      Faith    .    c - +0 buckler
rNeg    . . .      Spirit   +    h - +0 plate armour
rPois   .          Reflect  .    f - +1 helmet
rElec   .          Harm     .    (no cloak)
rCorr   .          Rampage  .    (no gloves)
Will    .....                    (no boots) Stlth
                                 (no amulet)
HPRegen 0.24/turn                (no ring)
MPRegen 0.16/turn                (no ring)

@: no status effects
A: magic shield, magic regeneration
a: no special abilities


You were on level 3 of the Dungeon.
You visited 1 branch of the dungeon, and saw 3 of its levels.

You collected 85 gold pieces.

Inventory:

Hand Weapons
 a - a +0 long sword (weapon)
Armour
 b - a +0 scale mail
 c - a +0 buckler (worn)
 f - a +1 helmet (worn)
 h - a +0 plate armour (worn)
Scrolls
 e - 6 scrolls of identify {unknown}
 k - a scroll of silence {unknown}
 o - a scroll of teleportation {unknown}
Potions
 d - 2 potions of might
 g - a potion of lignification {unknown}
 i - 2 potions of berserk rage {unknown}
 j - a potion of attraction {unknown}
 l - a potion of curing {unknown}
 m - a potion of heal wounds {unknown}
 n - a potion of brilliance {unknown}


   Skills:
 - Level 3.0 Fighting
 + Level 3.8 Long Blades
 - Level 2.6 Armour
 - Level 2.6 Shields


You had 2 spell levels left.
You didn't know any spells.
Your spell library contained the following spells:

 Spells                   Type           Power      Damage    Failure   Level
 Static Discharge         Conj/Air       0%         2-2/arc   100%        2
 Vhi's Electric Charge    Tloc/Air       0%         N/A       100%        3
 Arcjolt                  Conj/Air       0%         1d10      100%        5
 Lightning Bolt           Conj/Air       0%         1d11      100%        5
 Summon Forest            Summ/Tloc      0%         N/A       100%        5
 Eringya's Noxious Bog    Tmut/Pois      0%         N/A       100%        6
 Summon Hydra             Summ           0%         N/A       100%        7


Dungeon Overview and Level Annotations

Branches:
Dungeon (3/15)

Altars:

Annotations:
D:3 1 transporter, Grinder


Innate Abilities, Weirdness & Mutations

When hurt, damage is shared between your health and your magic reserves.
You regenerate magic rapidly.


Message History

The hobgoblin hits you but does no damage.
Grinder gestures at you. Pain shoots through your body!
You closely miss Grinder.
Grinder is severely wounded.
The hobgoblin hits you but does no damage.
Grinder gestures at you. Pain shoots through your body!
You are too injured to fight recklessly!
You are too injured to fight recklessly!
You slash Grinder!
Grinder is almost dead.
The hobgoblin hits you but does no damage.
Grinder closely misses you.
You closely miss Grinder.
Grinder is almost dead.
You block Grinder's attack. The hobgoblin hits you.
The hobgoblin hits you but does no damage.
Grinder hits you.
You writhe in agony.
You barely miss Grinder.
Grinder is almost dead.
The hobgoblin hits you but does no damage.
Grinder hits you.
You writhe in agony.
* * * LOW HITPOINT WARNING * * *
You barely miss Grinder.
Grinder is almost dead.
The hobgoblin barely misses you. Grinder gestures at you.
You resist with significant effort.
You barely miss Grinder.
Grinder is almost dead.
Grinder blinks!
The hobgoblin hits you but does no damage.
You slash the hobgoblin!
You kill the hobgoblin!
You are too injured to fight recklessly!
Grinder blinks!
Grinder gestures at you. Pain shoots through your body!
You die...

#....#### #.....<##.##
#........... ####+#..##
#.....#..# #.##
###.....##.# #...
#.......##.###.# ..)
##..5...##..##.# #..
#.@†...###.##.# #..
#####......# #.##.# #..
#......##### #..#.# #..
#.......#######.#.###..
#..................).).
#......#...........))..
#......#.......##......
#......#......####....#
#..........#### ##..##


You could see Grinder.

Vanquished Creatures
  An adder (D:2)
  3 dart slugs (D:2)
  4 orcs (D:3)
  A bat (D:2)
  4 endoplasms
  2 giant cockroaches (D:1)
  3 goblins (D:2)
  6 hobgoblins
  5 kobolds (D:1)
  3 quokkas (D:2)
  2 ball pythons (D:2)
  2 frilled lizards
  A rat (D:1)
37 creatures vanquished.

Notes
Turn   | Place    | Note
-------+----------+-------------------------------------------
     0 | D:1      | Dartaoz the Demonspawn Fighter began the quest for the Orb.
     0 | D:1      | Reached XP level 1. HP: 18/18 MP: 1/1
   220 | D:1      | Gained mutation: You regenerate magic rapidly. [demonic
                  | ancestry]
   220 | D:1      | Reached XP level 2. HP: 24/24 MP: 2/2
   396 | D:1      | Found a faded altar of an unknown god.
   742 | D:2      | Gained mutation: When hurt, damage is shared between your
                  | health and your magic reserves. [demonic ancestry]
   742 | D:2      | Reached XP level 3. HP: 29/29 MP: 3/3
  1364 | D:3      | Found a transporter.
  1428 | D:3      | Noticed Grinder
  1428 | D:3      | Paralysed by Grinder for 5 turns
  1437 | D:3      | Paralysed by Grinder for 4 turns
  1446 | D:3      | Paralysed by Grinder for 3 turns
  1470 | D:3      | Killed from afar by Grinder

Illustrated notes

Levels and vault maps discovered:
D:1:      dpeg_arrival_fog, layout_loops_cross,
          hellmonk_ecumenical_altar_heavens_door
D:2:      layout_loops_ring, minmay_misc_feat_hallway, chequers_arboretum
D:3:      layout_basic, gammafunk_ghost_abyssal_escape, uniq_grinder, uniq_robin

Skill      XL: |  1  2 |
---------------+-------+-----
Long Blades    | 2 3 |  3.8
Fighting       | |  3.0
Armour         | |  2.6
Shields        | |  2.6

Action                   || total
-------------------------++-------
Melee: Long sword        ||   103
Armor: Plate armour      ||    98
       Scale mail        ||     2
Dodge: Dodged            ||    24
Block: Buckler           ||    19

Table legend: (Time is in decaauts)
 A = Elapsed time spent in this place.
 B = Non-inter-level travel time spent in this place.
 C = Inter-level travel time spent in this place.
 D = Time resting spent in this place.
 E = Time spent auto-exploring this place.
 F = Levels seen in this place.
 G = Mean time per level.
                   A        B        C        D        E       F      G
               +--------+--------+--------+--------+--------+-----+--------+
         Total |   1498 |   1420 |     78 |      0 |   1128 |   3 |  499.3 |
       Dungeon |   1498 |   1420 |     78 |      0 |   1128 |   3 |  499.3 |
               +--------+--------+--------+--------+--------+-----+--------+

Top non-repeatable levels by time:
     D:2: 745 daAuts
     D:1: 608 daAuts
     D:3: 145 daAuts
